 Dungeon Crawl Stone Soup version 0.25-a0-435-g4b9beb1024 (webtiles) character file.

Game seed: 13013615760891334056, levelgen mode: deterministic

313 Nattfarinn the Sneak (level 6, -4/32 HPs)
             Began as a Vampire Enchanter on Jan 26, 2020.
             Slain by a phantom (5 damage)
             ... on level 4 of the Dungeon.
             The game lasted 00:11:29 (4012 turns).

Nattfarinn the Sneak (Vampire Enchanter)            Turns: 4012, Time: 00:11:30

Health: -4/32      AC:  8    Str:  6 (7)  XL:     6   Next: 19%
Magic:  3/9        EV: 13    Int: 19 (20) God:
Gold:   166        SH:  0    Dex: 12 (14) Spells: 0/9 levels left

rFire    . . .     SeeInvis +   a - +3 dagger
rCold    + + .     Gourm    .   (no shield)
rNeg     + + +     Faith    .   n - +3 leather armour
rPois    ∞         Spirit   .   (no helmet)
rElec    .         Reflect  .   (no cloak)
rCorr    .         Harm     .   (no gloves)
MR       ++...                  (no boots)
Stlth    +++++.....             (no amulet)
HPRegen  0.00/turn              (no ring)
MPRegen  0.11/turn              s - ring of protection from magic

@: very slightly contaminated, bloodless
A: no food, fangs 3, yellow scales 1, see invisible, magic resistance 1,
unbreathing
a: Bat Form, Revivify


You were on level 4 of the Dungeon.
You were bloodless.

You visited 1 branch of the dungeon, and saw 5 of its levels.

You collected 166 gold pieces.

Inventory:

Hand Weapons
 a - a +3 dagger (weapon)
Armour
 b - a +0 robe
 n - a +3 leather armour (worn)
Jewellery
 d - an uncursed ring of ice
 s - a ring of protection from magic (right hand)
Scrolls
 c - a scroll of teleportation
 g - 2 scrolls of fog
 h - a scroll of acquirement {unknown}
 j - a scroll of remove curse
 l - a scroll of fear {unknown}
 p - 2 scrolls of amnesia {unknown}
Potions
 e - a potion of mutation
 f - a potion of agility
 m - 2 potions of haste


   Skills:
 - Level 1.1 Short Blades
 * Level 5.3 Dodging
 + Level 6.5 Stealth
 - Level 2.0 Spellcasting
 + Level 6.3 Hexes


You couldn't memorise any spells.
You knew the following spells:

 Your Spells              Type           Power        Failure   Level  Hunger
a - Corona                Hex            ####...      1%          1    N/A
b - Ensorcelled Hibernat  Hex/Ice        ##....       11%         2    N/A
c - Tukima's Dance        Hex            ####....     6%          3    N/A
d - Confusing Touch       Hex            ####....     6%          3    N/A

Your spell library contained the following spells:

 Spells                   Type           Power        Failure   Level  Hunger
 Dazzling Flash           Conj/Hex       ##....       22%         3    N/A

Dungeon Overview and Level Annotations

Branches:
Dungeon (5/15)
 Temple: D:4-7

Altars:
Dithmenos
Nemelex Xobeh
Qazlal

Annotations:
D:3 Grinder


Innate Abilities, Weirdness & Mutations

You do not eat.
You do not regenerate when monsters are visible.
You are frail without blood (-20% HP).
You can heal yourself when you bite living creatures.
You are immune to poison.
You have razor-sharp teeth.
You have supernaturally acute eyesight. (SInv)
You can survive without breathing.
You are partially covered in yellow scales. (AC +2)
You are resistant to hostile enchantments. (MR+)


Message History

The phantom blinks!
The phantom blinks!
You hit the phantom but do no damage. Your bite misses the phantom.
The phantom is lightly damaged.
Your hands stop glowing.
The phantom closely misses you.
You hit the phantom.
The phantom is lightly damaged.
The phantom barely misses you.
You hit the phantom but do no damage.
The phantom is lightly damaged.
The phantom hits you but does no damage.
You hit the phantom.
The phantom is lightly damaged.
The phantom hits you!
* * * LOW HITPOINT WARNING * * *
You hit the phantom.
The phantom is moderately damaged.
The phantom hits you.
You die...

.$.......##.##.#
..........#.##.#
.........<#.##..##
.............##..###
..........#..###...#
................##.#
.............##.##.#####
%.......##.............#
##########......@W.....#
...... #..##.........#
#.....# #......(......#
#....# #..#.####>##.## #
....# ..(##. #....#
##....#.### ## ######
.#...... W#....#
...######


You could see a phantom.

Vanquished Creatures
  An ogre (D:5)
  A hound (D:4)
  An orc priest (D:4)
  An orc wizard (D:4)
  4 gnolls
  5 adders
  A worm (D:3)
  A dart slug (D:1)
  2 leopard geckos (D:1)
  5 orcs
  9 bats
  2 giant cockroaches (D:1)
  4 hobgoblins
  5 jackals
  5 kobolds
  A quokka (D:4)
  A ball python (D:3)
  3 frilled lizards
  4 goblins
  3 rats
59 creatures vanquished.

Notes
Turn   | Place    | Note
-------+----------+-------------------------------------------
     0 | D:1      | Nattfarinn the Vampire Enchanter began the quest for the
                  | Orb.
     0 | D:1      | Reached XP level 1. HP: 13/13 MP: 3/3
   215 | D:1      | Reached XP level 2. HP: 15/15 MP: 5/5
   219 | D:1      | Learned a level 2 spell: Ensorcelled Hibernation
   914 | D:1      | Reached skill level 5 in Stealth
   914 | D:1      | Reached skill level 5 in Hexes
   914 | D:1      | Reached XP level 3. HP: 19/19 MP: 1/6
  1584 | D:2      | Found a sparkling altar of Nemelex Xobeh.
  1719 | D:2      | Found a faded altar of an unknown god.
  1992 | D:2      | Reached XP level 4. HP: 23/24 MP: 1/7
  2459 | D:3      | Noticed Grinder
  2582 | D:3      | Found a stormy altar of Qazlal.
  2584 | D:3      | Noticed an earth elemental
  2587 | D:3      | Noticed a fire elemental
  2587 | D:3      | Noticed a water elemental
  2587 | D:3      | Noticed an air elemental
  2758 | D:3      | Learned a level 3 spell: Tukima's Dance
  2996 | D:4      | Reached XP level 5. HP: 28/28 MP: 5/8
  3179 | D:4      | Found a shadowy altar of Dithmenos.
  3476 | D:4      | Noticed a phantom
  3697 | D:4      | Gained mutation: You are partially covered in yellow
                  | scales. (AC +2) [potion of mutation]
  3697 | D:4      | Gained mutation: You are resistant to hostile enchantments.
                  | (MR+) [potion of mutation]
  3801 | D:5      | Entered Level 5 of the Dungeon
  3919 | D:5      | Noticed an ogre
  3938 | D:5      | Killed an ogre
  3938 | D:5      | Reached skill level 5 in Dodging
  3938 | D:5      | Reached XP level 6. HP: 32/32 MP: 1/9
  3943 | D:5      | Learned a level 3 spell: Confusing Touch
  4011 | D:4      | HP: 1/32 [phantom (7)]
  4012 | D:4      | Slain by a phantom

Levels and vault maps discovered:
D:1:      shiori_arrival_maze, layout_loops_cross, serial_co_window_serial,
          co_window_paths_a, co_window_paths_b, co_window_of_opportunity_a,
          co_window_paths_a, co_window_of_opportunity_a, co_window_2corner,
          co_window_of_opportunity_c, co_window_2corner, co_window_corner_b,
          co_window_of_opportunity_b, co_window_broadway_b, co_window_4corner_b,
          glass_columns_b, glass_columns_a, glass_columns_b, glass_columns_a
D:2:      wander_river, layout_rooms, nicolae_overflow_crystal_walls,
          chequers_ecumenical_altar_island
D:3:      layout_rooms, nicolae_qazlal_style_of_elements, uniq_grinder
D:4:      layout_rooms, grunt_dithmenos_smoke_and_mirrors,
          minmay_misc_feat_rugged
D:5:      layout_gridville, first_ration, elyvilon_altar_3

Skill      XL: |  1  2  3  4  5 |
---------------+----------------+-----
Dodging        | 3 4 5 |  5.3
Stealth        | 5 6 |  6.5
Hexes          | 5 6 |  6.3
Short Blades   | |  1.1
Spellcasting   | |  2.0

Action                   |  1- 3 |  4- 6 || total
-------------------------+-------+-------++-------
Melee: Dagger            |    90 |   147 ||   237
       Bite              |     9 |    11 ||    20
 Cast: Ensorcelled Hiber |    14 |    26 ||    40
       Corona            |       |     1 ||     1
       Confusing Touch   |       |     1 ||     1
 Abil: Exsanguinate      |     1 |       ||     1
  Use: Scroll            |       |     7 ||     7
       Potion            |       |     8 ||     8
 Stab: Sleeping          |    23 |    19 ||    42
Armor: Robe              |    14 |       ||    14
       Leather armour    |     4 |    27 ||    31
Dodge: Dodged            |    63 |    77 ||   140

Table legend:
 A = Non-vault XP
 B = Vault XP
 C = Vault XP percentage of total XP
 D = Non-vault monster count
 E = Vault monster count
 F = Vault count percentage of total count
                 A         B        C        D         E       F
            +---------+---------+-------+---------+---------+-------
      Total |     445 |       3 |   0.7 |      57 |       2 |   3.4
            +---------+---------+-------+---------+---------+-------
        D:1 |      61 |       3 |   4.7 |      26 |       2 |   7.1
        D:2 |      43 |       0 |   0.0 |       5 |       0 |   0.0
        D:3 |      67 |       0 |   0.0 |      15 |       0 |   0.0
        D:4 |     158 |       0 |   0.0 |      10 |       0 |   0.0
        D:5 |     116 |       0 |   0.0 |       1 |       0 |   0.0
            +---------+---------+-------+---------+---------+-------
